 Dungeon Crawl Stone Soup version 0.23.2-1-ga50397a6bc (webtiles) character file.

Game seed: 3295220926038038842

73 Banduk the Chopper (level 4, -3/40 HPs)
             Began as a Deep Dwarf Fighter on May 5, 2019.
             Slain by Crazy Yiuf
             ... wielding a +2 quarterstaff of chaos
              (5 damage)
             ... on level 2 of the Dungeon.
             The game lasted 00:08:20 (1044 turns).

Banduk the Chopper (Deep Dwarf Fighter)             Turns: 1044, Time: 00:08:25

Health: -3/40      AC:  6    Str: 20    XL:     4   Next: 8%
Magic:  0/3        EV:  8    Int:  9    God:
Gold:   116        SH:  9    Dex: 12    Spells: 3/3 levels left

rFire    . . .     SeeInvis +   a - +0 war axe
rCold    . . .     Gourm    .   c - +0 shield
rNeg     . . .     Faith    .   b - +0 scale mail
rPois    .         Spirit   .   (no helmet)
rElec    .         Reflect  .   (no cloak)
rCorr    .         Harm     .   (no gloves)
MR       .....                  (no boots)
Stlth    ..........             (no amulet)
HPRegen  0.00/turn              j - ring of see invisible
MPRegen  0.08/turn              (no ring)

@: non-regenerating
A: damage resistance, heal wounds, sense surroundings 1, no regeneration
a: Heal Wounds


You were on level 2 of the Dungeon.
You were not hungry.

You visited 1 branch of the dungeon, and saw 2 of its levels.

You collected 116 gold pieces.

Inventory:

Hand Weapons
 a - a +0 war axe (weapon)
Armour
 b - a +0 scale mail (worn)
 c - a +0 shield (worn)
Jewellery
 j - a ring of see invisible (left hand)
Scrolls
 e - 2 scrolls of amnesia
 g - 2 scrolls of immolation
 m - 2 scrolls of remove curse
Potions
 d - 3 potions of might
 h - a potion of degeneration {unknown}
 i - a potion of lignification {unknown}
 k - 2 potions of agility {unknown}
 l - a potion of curing {unknown}
 o - a potion of experience {unknown}
Comestibles
 f - a ration


   Skills:
 - Level 2.6 Fighting
 * Level 4.4 Axes
 - Level 3.2 Armour
 - Level 1.5 Dodging
 - Level 0.2 Stealth
 - Level 3.2 Shields


You had 3 spell levels left.
You didn't know any spells.
Your spell library was empty.

Dungeon Overview and Level Annotations

Branches:
Dungeon (2/15)

Altars:

Annotations:
D:2 Crazy Yiuf


Innate Abilities, Weirdness & Mutations

You are resistant to damage.
You can heal yourself by infusing magical energy.
You passively map a small area around you.
You do not regenerate.


Message History

Found a runed mace.
Found a runed translucent door.
Crazy Yiuf yells, "Seed!
Lugonu toodlewoodle bag."
You open the door. You barely miss Crazy Yiuf. You block Crazy Yiuf's attack.
You hit Crazy Yiuf.
Crazy Yiuf is moderately wounded.
Crazy Yiuf hits you with a +2 quarterstaff of chaos!
* * * LOW HITPOINT WARNING * * *
You feel your power leaking away.
Your scale mail prevents you from hitting Crazy Yiuf.
Crazy Yiuf is moderately wounded.
Crazy Yiuf hits you with a +2 quarterstaff of chaos!
* * * LOW HITPOINT WARNING * * *
You hit Crazy Yiuf.
Crazy Yiuf is heavily wounded.
Crazy Yiuf glowers.
Crazy Yiuf hits you with a +2 quarterstaff of chaos.
Crazy Yiuf burns you.
Crazy Yiuf hits you with a +2 quarterstaff of chaos!
You die...

####.....#*
### ###..##
#..## #####
#...######
#..)#
##..#....#
#...#
#...#....#
...*
###.#....#
*#g#
#...'....#
♣♣@♣
#####....#
♣.♣♣ #....#
♣♣.♣
#####....#
♣.♣♣
#........#
♣♣.♣♣
#.########
♣...♣♣ #.#
♣....♣ #.#
#....# #.#
##..#####.#


You could see Crazy Yiuf.

Vanquished Creatures
  Jessica (D:2)
  An adder (D:2)
  A worm (D:2)
  A dart slug (D:1)
  4 bats
  5 giant cockroaches
  4 hobgoblins
  2 frilled lizards
  3 goblins (D:1)
  6 kobolds
  4 rats (D:1)
32 creatures vanquished.

Notes
Turn   | Place    | Note
-------+----------+-------------------------------------------
     0 | D:1      | Banduk the Deep Dwarf Fighter began the quest for the Orb.
     0 | D:1      | Reached XP level 1. HP: 20/20 MP: 1/1
   196 | D:1      | Reached skill level 3 in Axes
   197 | D:1      | Reached XP level 2. HP: 27/27 MP: 2/2
   731 | D:2      | Reached skill level 4 in Axes
   731 | D:2      | Reached XP level 3. HP: 30/33 MP: 2/2
   947 | D:2      | Noticed Jessica
   963 | D:2      | Killed Jessica
   963 | D:2      | Reached skill level 1 in Dodging
   963 | D:2      | Reached XP level 4. HP: 22/40 MP: 3/3
  1036 | D:2      | Found a runed translucent door.
  1037 | D:2      | Noticed Crazy Yiuf
  1043 | D:2      | HP: 2/40 [Crazy Yiuf/+2 quarterstaff of chaos (10)]
  1044 | D:2      | Slain by Crazy Yiuf

Skill      XL: |  1  2  3 |
---------------+----------+-----
Axes           | 3 4 |  4.4
Dodging        | 1 |  1.5
Fighting       | |  2.6
Armour         | |  3.2
Stealth        | |  0.2
Shields        | |  3.2

Action                   |  1- 3 |  4- 6 || total
-------------------------+-------+-------++-------
Melee: War axe           |    84 |     7 ||    91
 Abil: Heal Wounds       |     1 |       ||     1
  Use: Scroll            |       |     4 ||     4
  Eat: Ration            |       |     1 ||     1
Armor: Scale mail        |    42 |       ||    42
Dodge: Dodged            |    36 |     3 ||    39
Block: Shield            |    47 |     2 ||    49
